AoeStats
← art.petri4encko2013

MegaRandom

506694823Analyzed
1v1 RM · 17d ago on Sep 14, 2026· 24m 8s· 2 players
Game mode
Random Map
Map size
Tiny (2 player)
Population
200
Speed
Normal
Resources
Standard
Victory
Conquest
Starting age
Dark Age
Ending age
Imperial Age
RankedLock teamsTeams togetherTeam positionsShared explorationLock speedFull tech treeHidden civsTurbo modeCheats
Victory
Defeat
🇩🇪 Britons · Germany
646
+18
🇷🇺 Sicilians · Russia
686
-18
King_Rodriguez
3:24 Loom
10:38 Feudal Age
12:27 Wheelbarrow
11:40 Double-Bit Axe
15:00 Forging
14:56 Scale Barding Armor
15:39 Fletching
18:40 Castle Age
19:07 Crossbowman
20:11 Bodkin Arrow
art.petri4encko2013
8:22 Loom
12:44 Feudal Age
Connection lost

Rejoining the realm…

Still unreachable

The connection could not be restored.

Session expired

The server has moved on; the page needs a fresh start.